 Dungeon Crawl Stone Soup version 0.31-a0-963-ga325b2283a (webtiles) character file.

Game seed: 6997229490943099332

515 Maxmaps the Changeling (level 7, -6/64 HPs)
             Began as an Octopode Shapeshifter on Oct 25, 2023.
             Mangled by an ogre
             ... wielding a +0 giant club
              (24 damage)
             ... on level 4 of the Dungeon.
             The game lasted 00:03:07 (2995 turns).

Maxmaps the Changeling (Octopode Shapeshifter)      Turns: 2995, Time: 00:03:07

Health: -6/64      AC: 23    Str: 19    XL:     7   Next: 20%
Magic:  7/7        EV:  2    Int: 15    God:
Gold:   53         SH:  0    Dex: 11    Spells: 6/6 levels left

rFire   . .          .
                       - Unarmed
rCold   . . .        (no shield)
rNeg    . . .        (helmet currently unavailable)
rPois   +            e - amulet of the acrobat
rElec   .            h - ring of wizardry
rCorr   .            j - +6 ring of strength
SInv    .            (no ring)
Will    .....        (no ring)
Stlth   +            (no ring)
HPRegen 0.30/turn    (no ring)
MPRegen 0.10/turn    (no ring)
                     (no ring)

%: acrobat, wizardry (x1)
@: tree-form (expiring)
A: stationary, stasis, torment immunity, boosted hp, almost no armour,
(amphibious), 8 rings, (camouflage 1), (gelatinous body 1), (nimble swimmer 1),
(tentacles)
a: no special abilities


You were on level 4 of the Dungeon.
You were a tree.
You visited 1 branch of the dungeon, and saw 4 of its levels.

You collected 144 gold pieces.
You spent 91 gold pieces at shops.

Inventory:

Missiles
 g - a throwing net
Jewellery
 e - an amulet of the acrobat (around neck)
 h - a ring of wizardry (left branch)
 j - a +6 ring of strength (right branch)
Talismans
 b - a beast talisman
 c - a flux talisman
Wands
 l - a wand of acid (11)
Scrolls
 i - a scroll of identify
 k - a scroll of enchant armour {unknown}
 p - a scroll of brand weapon {unknown}
Potions
 d - 2 potions of heal wounds
 f - a potion of mutation
 n - a potion of might
 o - a potion of brilliance {unknown}


   Skills:
 - Level 1.0 Fighting
 - Level 2.0 Dodging
 - Level 3.0 Unarmed Combat
 + Level 7.4 Shapeshifting


You had 6 spell levels left.
You didn't know any spells.
Your spell library contained the following spells:

 Spells                   Type           Power      Damage    Failure   Level
 Ensorcelled Hibernation  Hex/Ice        0%         N/A       16%         2
 Jinxbite                 Hex            0%         N/A       16%         2
 Swiftness                Air            0%         N/A       32%         3
 Airstrike                Air            0%         2d(0-16)  69%         4
 Anguish                  Hex/Necr       0%         N/A       69%         4
 Summon Lightning Spire   Summ/Air       0%         N/A       69%         4


Dungeon Overview and Level Annotations

Branches:
Dungeon (4/15)
 Temple: D:4-7

Altars:

Shops:
D:3 !


Innate Abilities, Weirdness & Mutations

You are a tree.
Your roots penetrate the ground, keeping you stationary.
You cannot be teleported.
You are immune to unholy pain and torment.
Your maximum health is greatly increased.
You cannot wear most types of armour.
((You are amphibious.))
You can wear up to eight rings at the same time.
((Your skin changes colour to match your surroundings (Stealth+).))
((Your rubbery body absorbs attacks. (AC +1, EV +1)))
((You are camouflaged when in or above water. (Stealth+)))
((You have tentacles for arms and can constrict up to eight enemies at once.))


Message History

You closely miss something. The orc hits you but does no damage.
Something hits you.
* * * LOW HITPOINT WARNING * * *
An ogre comes into view. It is wielding a +0 giant club.
You miss something.
The ogre shouts!
The orc hits you but does no damage. Something hits you but does no damage.
You barely miss something. Your punch misses something.
The orc hits you but does no damage. Something hits you but does no damage.
You miss something. The orc barely misses you.
Something hits you but does no damage.
You closely miss something. The orc barely misses you.
Something hits you but does no damage.
You smack something!
The orc hits you but does no damage.
You hear some strange, mumbled words.
A magic dart appears from out of thin air!
The magic dart hits you but does no damage.
You miss something. The orc hits you but does no damage.
You hear some strange, mumbled words.
Something tries to affect you, but you resist.
You barely miss something. The orc hits you but does no damage.
Something hits you but does no damage.
You miss something. The orc hits you with a +0 whip.
* * * LOW HITPOINT WARNING * * *
Something hits you but does no damage.
You closely miss something. The orc hits you but does no damage.
Something hits you but does no damage.
You hit something. The orc hits you but does no damage.
You hear some strange, mumbled words.
A puff of flame appears from out of thin air!
The puff of flame hits you but does no damage.
You smack something!
Reactivating autopickup.
You feel a bit more experienced. The orc hits you but does no damage.
You smack the ogre!
The ogre is heavily wounded.
Your transformation is almost over.
The orc hits you but does no damage.
The ogre hits you with a +0 giant club!!
You die...

# ## .# #.
#.##########.#
#.
......o).....#
#######.
#.....O♣...#
#.......
####.#####.#
##.#####.
#.#.###...####.
#.#.....#......
#.#####...####.
#....>.........
########.######
#.# #..


You could see an ogre and an orc.

Vanquished Creatures
  A sky beast (D:4)
  A scorpion (D:4)
  An orc priest (D:4)
  A jelly (D:4)
  An iguana (D:3)
  An orc wizard (D:4)
  Natasha (thrice) (D:2)
  6 gnolls (D:2)
  5 adders
  3 worms
  2 orcs (D:4)
  5 bats
  6 endoplasms
  2 giant cockroaches
  4 goblins
  5 hobgoblins
  11 jackals (D:1)
  2 quokkas
  9 ball pythons
  5 frilled lizards
  4 kobolds
  6 rats
84 creatures vanquished.

Notes
Turn   | Place    | Note
-------+----------+-------------------------------------------
     0 | D:1      | Maxmaps the Octopode Shapeshifter began the quest for the
                  | Orb.
     0 | D:1      | Reached XP level 1. HP: 13/13 MP: 1/1
    94 | D:1      | Reached XP level 2. HP: 6/18 MP: 2/2
   525 | D:1      | Reached XP level 3. HP: 11/23 MP: 3/3
   588 | D:1      | Reached skill level 4 in Shapeshifting
  1059 | D:2      | Reached XP level 4. HP: 19/28 MP: 4/4
  1161 | D:2      | Noticed Natasha
  1167 | D:2      | Killed Natasha
  1168 | D:2      | Reached skill level 5 in Shapeshifting
  1194 | D:2      | Noticed Natasha
  1205 | D:2      | Killed Natasha
  1206 | D:2      | Reached XP level 5. HP: 33/33 MP: 5/5
  1469 | D:2      | Found a faded altar of an unknown god.
  1538 | D:2      | Noticed Natasha
  1546 | D:2      | Killed Natasha
  1853 | D:3      | Identified the "Gugul"
  1949 | D:3      | Reached skill level 6 in Shapeshifting
  2046 | D:3      | Reached XP level 6. HP: 32/38 MP: 6/6
  2442 | D:3      | Found Ehoadgha's Distillery.
  2446 | D:3      | Bought a potion of curing for 39 gold pieces
  2446 | D:3      | Bought a potion of might for 52 gold pieces
  2566 | D:4      | Noticed a sky beast
  2588 | D:4      | Killed a sky beast
  2969 | D:4      | Reached skill level 7 in Shapeshifting
  2969 | D:4      | Reached XP level 7. HP: 16/43 MP: 7/7
  2995 | D:4      | Mangled by an ogre

Illustrated notes

Levels and vault maps discovered:
D:1:      reono_arrival_mine, layout_loops_corners
D:2:      layout_loops_cross, shapermc_ecumenical_altar_mp_ritualfount,
          nicolae_the_louvre, uniq_natasha
D:3:      layout_basic, serial_shops, nicolae_shop_back_alley_shop,
          kennysheep_generic_room_4
D:4:      layout_loops_ring, trog_wizard

Skill      XL: |  1  2  3  4  5  6 |
---------------+-------------------+-----
Shapeshifting  | 4 5 6 7 |  7.4
Fighting       | |  1.0
Dodging        | |  2.0
Unarmed Combat | |  3.0

Action                     |  1- 3 |  4- 6 |  7- 9 || total
---------------------------+-------+-------+-------++-------
  Melee: Unarmed           |    68 |   108 |    21 ||   197
         Constrict         |    20 |    25 |       ||    45
         Tentacles         |    16 |    15 |       ||    31
         Punch             |       |     2 |       ||     2
    Use: Scroll            |     2 |     4 |       ||     6
         Potion            |       |     1 |     2 ||     3
   Stab: Sleeping          |     6 |     8 |       ||    14
         Distracted        |     1 |       |       ||     1
 Armour: Skin              |    23 |    45 |    45 ||   113
  Dodge: Dodged            |    52 |    57 |     2 ||   111

Table legend: (Time is in decaauts)
 A = Elapsed time spent in this place.
 B = Non-inter-level travel time spent in this place.
 C = Inter-level travel time spent in this place.
 D = Time resting spent in this place.
 E = Time spent auto-exploring this place.
 F = Levels seen in this place.
 G = Mean time per level.
                   A        B        C        D        E       F      G
               +--------+--------+--------+--------+--------+-----+--------+
         Total |   2988 |   2933 |     55 |    578 |   1857 |   4 |  747.0 |
       Dungeon |   2988 |   2933 |     55 |    578 |   1857 |   4 |  747.0 |
               +--------+--------+--------+--------+--------+-----+--------+

Top non-repeatable levels by time:
     D:1: 980 daAuts
     D:2: 870 daAuts
     D:3: 700 daAuts
     D:4: 436 daAuts
